 Dungeon Crawl Stone Soup version 0.17.0-23-g0de4337 (webtiles) character file.

69 radek the Digger (level 4, -1/24 HPs)
             Began as a Gargoyle Earth Elementalist on Nov 13, 2015.
             Slain by a goblin
             ... wielding a +0 long sword
              (8 damage)
             ... on level 2 of the Dungeon.
             The game lasted 00:13:29 (3366 turns).

radek the Digger (Gargoyle Earth Elementalist)      Turns: 3366, Time: 00:13:30

Health: -1/24      AC:  5    Str: 12    XL:     4   Next: 20%
Magic:  1/8        EV: 12    Int: 16    God:
Gold:   106        SH:  0    Dex: 10    Spells: 2 memorised, 5 levels left

rFire  . . .     SeeInvis .     l - +0 club
rCold  . . .     Clarity  .     g - +0 robe
rNeg   + . .     SustAt   .     (no shield)
rPois  ∞         Gourm    .     (no helmet)
rElec  +         Spirit   .     (no cloak)
rCorr  .         Warding  .     (no gloves)
rMut   .         Stasis   .     (no boots)
MR     .....                    (no amulet)
Stlth  ++........               (no ring)
                                (no ring)

@: very slightly contaminated, not resistant to hostile enchantments, unstealthy
A: negative energy resistance 1, electricity resistance, unbreathing,
petrification resistance, rot immunity, AC +3
a: no special abilities


You were on level 2 of the Dungeon.
You were not hungry.

You visited 1 branch of the dungeon, and saw 2 of its levels.

You collected 106 gold pieces.

Inventory:

Hand Weapons
 e - a +0 dagger
 l - a +0 club (weapon)
Missiles
 b - 90 stones (quivered)
Armour
 a - a +0 robe
 g - a +0 robe (worn)
Scrolls
 h - a scroll of identify
Potions
 i - a potion of flight
Books
 c - a book of Geomancy

   Spells                             Type                      Level
   a - Sandblast                      Earth                        1
   b - Stoneskin                      Transmutation/Earth          2
   c - Passwall                       Transmutation/Earth          3
   d - Stone Arrow                    Conjuration/Earth            3
   e - Petrify                        Transmutation/Earth          4
   f - Lee's Rapid Deconstruction     Earth                        5
Comestibles
 d - 3 bread rations
 f - a beef jerky
 m - 3 chunks of flesh


   Skills:
 - Level 1.5 Dodging
 - Level 2.1 Stealth
 + Level 3.0 Spellcasting
 * Level 0.4 Conjurations
   Level 0.7 Transmutations
 + Level 5.0 Earth Magic


You had 5 spell levels left.
You knew the following spells:

 Your Spells              Type           Power        Failure   Level  Hunger
a - Sandblast             Erth           ###...       2%          1    #......
b - Stone Arrow           Conj/Erth      ##....       17%         3    ###....


Dungeon Overview and Level Annotations

Branches:
Dungeon (2/15)

Altars:


Innate Abilities, Weirdness & Mutations

You are resistant to torment.
Your stone body is resilient (AC +3).
You are immune to poison.
You resist negative energy.
You are resistant to electric shocks.
You can survive without breathing.
You are immune to petrification.
You are immune to rotting.


Message History

[Y]es or [N]o only, please.
Really attack while wielding your 90 stones?
Okay, then.
Wield which item (- for none, * to show all)? (? for menu, Esc to quit)
l - a +0 club (weapon)
The adder bites you but does no damage.
You hit the adder but do no damage. The adder closely misses you.
The goblin shoots a stone.
The stone misses you. The adder bites you.
* * * LOW HITPOINT WARNING * * *
You miss the adder. The adder bites you but does no damage.
The goblin shoots a stone.
The stone barely misses you.
You closely miss the adder. The adder bites you but does no damage.
The adder bites you but does no damage.
You closely miss the goblin.
The goblin is heavily wounded.
The adder bites you but does no damage.
The goblin unwields an uncursed hunting sling.
The goblin wields an uncursed long sword.
The goblin hits you with an uncursed long sword!
You die...

,****########
##.######.#...!#**#
,**,,,,,,,* *,#
#.#....#
,**,*****,******,*
#.#(...#
,**,*****,,,,,,,,*
#...(..##
,,,,,,,,,,,,,*****
#.!.....##
***,**,,*,**,*
#####........#
*,**,,,,**,*
#(..)........#
*,,,,,,,**,*
####(####.....#.#*
*****,,,,,,*
#@S.....##........
********
#g##.##..........#
#.##.#####.##.#...
#...........,...##
#####.#####.*.###*
*.# ***.#,**** *.#
*,,,,,,,,,
****.#**,,,,,***,
*,,,..,,,,,,,* *,


You could see an adder and a goblin.

Vanquished Creatures
  2 oozes (D:1)
  A worm (D:1)
  A giant gecko (D:2)
  4 giant cockroaches
  8 goblins
  9 hobgoblins
  3 jackals (D:1)
  6 kobolds (D:1)
  A ball python (D:1)
  4 bats (D:1)
  2 giant newts (D:1)
  13 rats
54 creatures vanquished.

Notes
Turn   | Place    | Note
--------------------------------------------------------------
     0 | D:1      | radek the Gargoyle Earth Elementalist began the quest for the Orb.
     0 | D:1      | Reached XP level 1. HP: 10/10 MP: 3/3
   144 | D:1      | Reached XP level 2. HP: 15/15 MP: 3/5
   210 | D:1      | Reached skill level 4 in Earth Magic
   654 | D:1      | Reached XP level 3. HP: 2/19 MP: 0/6
  2858 | D:2      | Reached XP level 4. HP: 24/24 MP: 8/8
  2863 | D:2      | Learned a level 3 spell: Stone Arrow
  2893 | D:2      | Reached skill level 5 in Earth Magic
  3366 | D:2      | Slain by a goblin

Action                   |  1- 3 |  4- 6 || total
-------------------------+-------+-------++-------
Melee: Unarmed           |    12 |       ||    12
       Dagger            |    48 |       ||    48
       Club              |   114 |    45 ||   159
 Cast: Sandblast         |    37 |    12 ||    49
  Use: Scroll            |     3 |     2 ||     5
       Potion            |       |     1 ||     1
 Stab: Sleeping          |     5 |     2 ||     7
  Eat: Chunk             |     7 |     1 ||     8
